 Dungeon Crawl Stone Soup version 0.21.1-1-g345015f (console) character file.

17321 fly the Geomancer (level 12, -5/88 HPs)
             Began as a Deep Dwarf Necromancer on May 17, 2018.
             Was a High Priest of Makhleb.
             Killed from afar by a balrug (23 damage)
             ... with a bolt of fire
             ... summoned by the player character
             ... on level 10 of the Dungeon.
             The game lasted 00:31:11 (9327 turns).

fly the Geomancer (Deep Dwarf Necromancer)          Turns: 9327, Time: 00:31:13

Health: -5/88      AC: 12    Str: 11    XL:     12   Next: 17%
Magic:  21/21      EV: 19    Int: 22    God:    Makhleb [*****.]
Gold:   666        SH:  0    Dex: 19    Spells: 8/23 levels left

rFire    . . .     SeeInvis .   c - +5 glaive {elec, *Slow rN++ Stlth+}
rCold    + + .     Gourm    .   (shield currently unavailable)
rNeg     + + .     Faith    .   y - +2 leather armour {rC+}
rPois    .         Spirit   .   e - +0 helmet
rElec    .         Reflect  .   q - +0 cloak
rCorr    .         Harm     .   r - +1 pair of gloves
MR       +....                  o - +2 pair of boots
Stlth    +++.......             d - amulet of magic regeneration
HPRegen  0.00/turn              E - ring of protection from cold
MPRegen  0.42/turn              v - +6 ring of dexterity

@: lethally poisoned (-5 -> -5), non-regenerating
A: damage resistance, heal wounds, sense surroundings 2, no regeneration
a: Heal Wounds, Minor Destruction, Lesser Servant of Makhleb, Major Destruction,
Greater Servant of Makhleb, Renounce Religion


You were on level 10 of the Dungeon.
You worshipped Makhleb.
Makhleb was extremely pleased with you.
You were very hungry.

You visited 3 branches of the dungeon, and saw 12 of its levels.

You collected 666 gold pieces.

Inventory:

Hand Weapons
 a - a +4 flail of protection
 b - a +3 hand axe
 c - the +5 glaive "Qojiuts" (weapon) {elec, *Slow rN++ Stlth+}
   (You found it on level 1 of the Lair of Beasts)

   Occasionally, upon striking a foe, it will discharge some electrical energy
   and cause terrible harm.
   It greatly protects you from negative energy.
   It may slow you when you take damage.
   It makes you more stealthy.
 w - a +0 blowgun
Armour
 e - a +0 helmet (worn)
 o - a +2 pair of boots (worn)
 q - a +0 cloak (worn)
 r - a +1 pair of gloves (worn)
 y - a +2 leather armour of cold resistance (worn)
Magical Staves
 B - an uncursed staff of energy
Jewellery
 d - an amulet of magic regeneration (around neck)
 v - a +6 ring of dexterity (right hand)
 E - a ring of protection from cold (left hand)
 H - an uncursed amulet of the gourmand
 I - an uncursed ring of resist corrosion
Wands
 M - a wand of acid (4)
Scrolls
 l - 4 scrolls of enchant weapon
 m - 4 scrolls of teleportation
 n - 2 scrolls of amnesia
 p - 3 scrolls of fog
 A - a scroll of magic mapping
 D - 2 scrolls of immolation
 J - a scroll of enchant armour
Potions
 f - 6 potions of curing
 g - 2 potions of brilliance
 h - 2 potions of magic
 i - 2 potions of ambrosia {unknown}
 j - a potion of haste {unknown}
 k - 3 potions of flight
 s - a potion of agility {unknown}
 x - 2 potions of heal wounds {unknown}
 z - a potion of berserk rage {unknown}
 C - 2 potions of lignification {unknown}
 F - 3 potions of might {unknown}
 G - a potion of degeneration {unknown}
Books
 t - a book of Cantrips

   Spells                             Type                      Level
   a - Confusing Touch                Hexes                        1
   b - Animate Skeleton               Necromancy                   1
   c - Summon Small Mammal            Summoning                    1
   d - Apportation                    Translocation                1
 u - a book of Geomancy

   Spells                             Type                      Level
   a - Sandblast                      Earth                        1
   b - Passwall                       Transmutation/Earth          2
   c - Stone Arrow                    Conjuration/Earth            3
   d - Petrify                        Transmutation/Earth          4
   e - Lee's Rapid Deconstruction     Earth                        5
 K - a book of Necromancy

   Spells                             Type                      Level
   a - Pain                           Necromancy                   1
   b - Animate Skeleton               Necromancy                   1
   c - Vampiric Draining              Necromancy                   3
   d - Regeneration                   Charms/Necromancy            3
   e - Animate Dead                   Necromancy                   4
   f - Borgnjor's Vile Clutch         Necromancy/Earth             5
 L - a book of Misfortune

   Spells                             Type                      Level
   a - Confusing Touch                Hexes                        1
   b - Confuse                        Hexes                        3
   c - Gell's Gravitas                Translocation                3
   d - Petrify                        Transmutation/Earth          4
   e - Metabolic Englaciation         Hexes/Ice                    5
   f - Yara's Violent Unravelling     Hexes/Transmutation          5
Comestibles
 N - 17 rations


   Skills:
 - Level 9.0 Axes
 - Level 9.0 Dodging
 - Level 2.4 Stealth
 - Level 6.0 Spellcasting
 - Level 3.0 Hexes
 - Level 9.0 Necromancy
 - Level 12.1 Earth Magic
 - Level 9.0 Invocations
 + Level 6.4 Evocations


You had 8 spell levels left.
You knew the following spells:

 Your Spells              Type           Power        Failure   Level  Hunger
c - Borgnjor's Vile Clut  Necr/Erth      ######....   4%          5    #####..
l - Lee's Rapid Deconstr  Erth           ######....   2%          5    #####..
t - Confusing Touch       Hex            ###...       3%          1    None
v - Vampiric Draining     Necr           #####.....   1%          3    #......
z - Pain                  Necr           ####         1%          1    None


Dungeon Overview and Level Annotations

Branches:
Dungeon (10/15)            Temple (1/1) D:4            Lair (1/6) D:9
    Orc (0/2) D:10

Altars:
Ashenzari
Cheibriados
Dithmenos
Elyvilon
Fedhas
Gozag
Hepliaklqana
Kikubaaqudgha
Makhleb
Nemelex Xobeh
Okawaru
Qazlal
Ru
Sif Muna
Trog
Uskayaw
Vehumet
Wu Jian
Xom
Yredelemnul
Zin
The Shining One


Innate Abilities, Weirdness & Mutations

You are resistant to damage.
You can heal yourself by infusing magical energy.
You passively map the area around you.
You do not regenerate.


Message History

Something barely misses you.
Your Executioner closely misses something.
Your Executioner hits something. x2
Press: ? - help, v - describe, . - travel
Here: a balrug, wielding a demon whip of venom (moderately wounded, summoned)
The floor, spattered with blood.
Unknown command.
Something hits you!
* * * LOW HITPOINT WARNING * * *
Your Executioner hits something! x2
Your Executioner hits something but does no damage.
Something barely misses your Executioner.
Something barely misses your Executioner.
Your Executioner hits something!! Makhleb accepts your kill.
Reactivating autopickup.
You feel a bit more experienced. The balrug gestures at you.
The bolt of fire hits you!
You die...

............... ,, , ,
.......$......., ,,,
........# * ** * * ,,
........# , , ........#
........# , , .......1#
, .......2#
.......@################
, ,
........................
, ,,
........................
* *
#############...........
* #..(........ *
#........... *
#........... ,
#(<......... * * *
#####...........


You could see a balrug and a friendly Executioner.

Vanquished Creatures
  2 hydras (Lair:1)
  A centaur warrior (D:9)
  A two-headed ogre (D:8)
  The ghost of kalagan the Thaumaturge, a novice MfSu of Okawaru (D:9)
  A manticore (D:10)
  A centaur zombie (D:10)
  Maurice (D:8)
  The ghost of fly the Grave Robber, a novice DDNe of Makhleb (D:6)
  The ghost of Phong the Sneak, a novice OpEn of Nemelex Xobeh (D:5)
  A komodo dragon (Lair:1)
  Grinder (D:4)
  5 blink frogs (Lair:1)
  A hippogriff (Lair:1)
  7 dream sheep (Lair:1)
  A wyvern (D:7)
  19 yaks
  A hungry ghost (D:10)
  Menkaure (D:7)
  Edmund (D:4)
  3 wargs
  2 water moccasins (Lair:1)
  A porcupine (Lair:1)
  Duvessa (D:5)
  2 hornet zombies
  3 ice beasts
  5 orc warriors
  4 sky beasts
  2 black bears (D:9)
  9 ogres
  2 phantoms
  2 centaurs (D:9)
  A crocodile (Lair:1)
  A big kobold (D:8)
  Dowan (D:5)
  A wyvern zombie (D:7)
  10 bullfrogs
  2 scorpions
  The ghost of Wanze the Magician, a weakling DrWn (D:3)
  4 wights (D:9)
  2 crimson imps
  2 bullfrog zombies
  4 jellies
  A quasit (D:8)
  4 hounds
  9 orc priests
  3 centaur skeletons
  3 iguanas
  Ijyb (D:3)
  12 orc wizards
  7 worker ants
  2 hound skeletons
  A worker ant zombie (D:7)
  11 adders
  2 shadow imps
  An ooze (D:2)
  An adder zombie (D:5)
  3 adder skeletons
  A worm (D:4)
  2 dart slugs
  8 leopard geckos
  54 orcs
  8 bats
  3 giant cockroaches
  8 goblins
  11 hobgoblins
  15 jackals
  19 kobolds
  2 quokkas
  A ball python (D:3)
  4 frilled lizards
  2 jackal skeletons
  A jackal zombie (D:5)
  A quokka skeleton (D:5)
  8 rats
322 creatures vanquished.

Vanquished Creatures (collateral kills)
  An unseen horror (D:10)
1 creature vanquished.

Vanquished Creatures (others)
  5 fungi (Lair:1)
  3 plants (Lair:1)
8 creatures vanquished.

Grand Total: 331 creatures vanquished

Notes
Turn   | Place    | Note
-------+----------+-------------------------------------------
     0 | D:1      | fly the Deep Dwarf Necromancer began the quest for the Orb.
     0 | D:1      | Reached XP level 1. HP: 15/15 MP: 3/3
   163 | D:1      | Reached XP level 2. HP: 19/22 MP: 3/5
   512 | D:1      | Reached XP level 3. HP: 21/28 MP: 5/7
   608 | D:2      | Found a burning altar of Makhleb.
   608 | D:2      | Noticed a cacodemon
   712 | D:2      | You fall through a shaft!
   769 | D:3      | Reached skill level 1 in Axes
   900 | D:2      | Noticed a hellwing
   900 | D:2      | Noticed a neqoxec
   902 | D:2      | Became a worshipper of Makhleb the Destroyer
   965 | D:2      | Reached XP level 4. HP: 24/36 MP: 5/8
  1440 | D:2      | Noticed a sky beast
  1492 | D:2      | Killed a sky beast
  1492 | D:2      | Reached skill level 5 in Necromancy
  1492 | D:2      | Reached XP level 5. HP: 9/42 MP: 6/9
  1554 | D:2      | Learned a level 3 spell: Vampiric Draining
  1560 | D:2      | Learned a level 5 spell: Borgnjor's Vile Clutch
  1592 | D:3      | Noticed Wanze's ghost (weakling DrWn)
  1644 | D:3      | Noticed Ijyb
  1645 | D:3      | HP: 2/42 [disintegration (14)]
  1652 | D:3      | Killed Ijyb
  1652 | D:3      | Reached * piety under Makhleb
  1984 | D:4      | Reached XP level 6. HP: 23/49 MP: 3/10
  2093 | D:4      | Noticed Edmund
  2113 | D:4      | Killed Edmund
  2113 | D:4      | Reached skill level 5 in Axes
  2205 | D:4      | Reached XP level 7. HP: 26/55 MP: 7/11
  2230 | D:4      | Found a staircase to the Ecumenical Temple.
  2245 | Temple   | Entered the Ecumenical Temple
  2460 | D:4      | Noticed Grinder
  2468 | D:4      | Killed Grinder
  2860 | D:4      | Reached skill level 1 in Earth Magic
  2867 | D:4      | Reached skill level 2 in Earth Magic
  2935 | D:4      | Reached ** piety under Makhleb
  3026 | D:3      | Reached skill level 3 in Earth Magic
  3137 | D:3      | Killed Wanze's ghost
  3137 | D:3      | Reached skill level 4 in Earth Magic
  3177 | D:5      | Entered Level 5 of the Dungeon
  3202 | D:5      | Reached XP level 8. HP: 54/62 MP: 7/12
  3233 | D:5      | Noticed Phong's ghost (novice OpEn)
  3242 | D:5      | Killed Phong's ghost
  3242 | D:5      | Reached skill level 5 in Dodging
  3346 | D:5      | Found a white marble altar of Elyvilon.
  3773 | D:5      | Noticed Duvessa
  3785 | D:5      | Killed Duvessa
  3786 | D:5      | Noticed Dowan
  3800 | D:5      | Killed Dowan
  4018 | D:6      | Gained mutation: You passively map the area around you. [Deep Dwarf growth]
  4018 | D:6      | Reached XP level 9. HP: 38/68 MP: 7/13
  4173 | D:6      | Noticed fly's ghost (novice DDNe)
  4195 | D:6      | Killed fly's ghost
  4197 | D:6      | Reached *** piety under Makhleb
  4230 | D:6      | Noticed an angel
  4231 | D:6      | Found a glowing silver altar of Zin.
  4535 | D:7      | Reached skill level 5 in Evocations
  4780 | D:7      | Noticed Menkaure
  4784 | D:7      | Killed Menkaure
  4784 | D:7      | Reached skill level 5 in Earth Magic
  5193 | D:7      | Reached skill level 6 in Earth Magic
  5360 | D:8      | Found a blossoming altar of Fedhas.
  5436 | D:8      | Reached skill level 7 in Earth Magic
  5558 | D:8      | Noticed Maurice
  5609 | D:8      | Killed Maurice
  5609 | D:8      | Reached skill level 8 in Earth Magic
  5609 | D:8      | Reached XP level 10. HP: 70/75 MP: 2/14
  5650 | D:8      | Reached **** piety under Makhleb
  5796 | D:8      | Found a stormy altar of Qazlal.
  6028 | D:8      | Noticed a two-headed ogre
  6047 | D:8      | Killed a two-headed ogre
  6047 | D:8      | Reached skill level 9 in Earth Magic
  6136 | D:8      | Reached skill level 10 in Earth Magic
  6485 | D:9      | Found a staircase to the Lair.
  6492 | D:9      | Noticed a centaur warrior
  6515 | D:9      | Killed a centaur warrior
  6515 | D:9      | Reached skill level 5 in Spellcasting
  6581 | D:9      | Found a glowing golden altar of the Shining One.
  6623 | D:9      | Found an ornate altar of the Wu Jian Council.
  6734 | D:9      | Reached skill level 1 in Invocations
  6879 | D:9      | Noticed kalagan's ghost (novice MfSu)
  6883 | D:9      | Killed kalagan's ghost
  6883 | D:9      | Reached skill level 5 in Invocations
  6930 | D:9      | Reached ***** piety under Makhleb
  7086 | D:9      | Reached XP level 11. HP: 81/81 MP: 20/20
  7438 | Lair:1   | Entered Level 1 of the Lair of Beasts
  7571 | Lair:1   | Reached skill level 11 in Earth Magic
  7663 | Lair:1   | Noticed a seven-headed hydra
  7663 | Lair:1   | Noticed a six-headed hydra
  7672 | Lair:1   | Killed a seven-headed hydra
  7674 | Lair:1   | Killed a six-headed hydra
  7674 | Lair:1   | Reached skill level 12 in Earth Magic
  8297 | Lair:1   | Learned a level 1 spell: Confusing Touch
  8303 | Lair:1   | Learned a level 5 spell: Lee's Rapid Deconstruction
  8702 | Lair:1   | Got an ebony glaive
  8703 | Lair:1   | Identified the +5 glaive "Qojiuts" {elec, *Slow rN++ Stlth+} (You found it on level 1 of the Lair of Beasts)
  8744 | D:10     | Entered Level 10 of the Dungeon
  8783 | D:10     | Reached XP level 12. HP: 82/88 MP: 21/21
  8828 | D:10     | Found a staircase to the Orcish Mines.
  8961 | D:10     | Reached skill level 1 in Hexes
  9322 | D:10     | Noticed a balrug
  9327 | D:10     | Killed from afar by a balrug

Skill      XL: |  1  2  3  4  5  6  7  8  9 10 11 12 |
---------------+-------------------------------------+-----
Spellcasting   | 2 3 6 |  6.0
Axes           | 1 2 3 5 9 |  9.0
Dodging        | 3 8 9 |  9.0
Necromancy     | 5 6 8 9 |  9.0
Earth Magic    | 4 8 10 12 | 12.1
Evocations     | 6 |  6.4
Invocations    | 5 8 9 |  9.0
Hexes          | 3 |  3.0
Stealth        | |  2.4

Action                   |  1- 3 |  4- 6 |  7- 9 | 10-12 || total
-------------------------+-------+-------+-------+-------++-------
Melee: Unarmed           |    11 |       |       |       ||    11
       Hand axe          |       |    26 |       |    24 ||    50
       Flail             |       |    15 |   323 |   486 ||   824
       Glaive            |       |       |       |   116 ||   116
 Cast: Pain              |    83 |    47 |    38 |    31 ||   199
       Vampiric Draining |       |    21 |    65 |   104 ||   190
       Lee's Rapid Decon |       |       |       |     5 ||     5
Invok: Major Destruction |       |       |       |     2 ||     2
       Greater Servant o |       |       |       |     2 ||     2
Evoke: Wand              |       |       |    25 |    10 ||    35
  Use: Scroll            |       |       |     9 |     7 ||    16
 Stab: Sleeping          |       |     3 |     5 |     4 ||    12
       Distracted        |       |       |       |     1 ||     1
  Eat: Chunk             |     1 |     5 |    17 |    22 ||    45
Armor: Robe              |     7 |    24 |    64 |       ||    95
       Leather armour    |       |       |    74 |   278 ||   352
Dodge: Dodged            |    30 |    57 |   394 |   677 ||  1158
